 Dungeon Crawl Stone Soup version 0.14.1 (webtiles) character file.

1142 Heini the Chopper (level 7, -6/62 HPs)
             Began as a Hill Orc Fighter on Apr 28, 2014.
             Mangled by Prince Ribbit (12 damage)
             ... on Level 5 of the Dungeon.
             The game lasted 00:14:36 (5001 turns).

Heini the Chopper (Hill Orc Fighter)                Turns: 5001, Time: 00:14:36

HP  -6/62        AC 11     Str 21      XL: 7   Next: 87%
MP   7/7         EV  5     Int  8      God:
Gold 354         SH 18     Dex 10      Spells:  0 memorised,  6 levels left

rFire  . . .     SeeInvis .     a - +0 war axe
rCold  . . .     Clarity  .     p - +1 chain mail
rNeg   . . .     Conserve .     c - +0 shield
rPois  .         rCorr    .     (helmet restricted)
rElec  .         rRot     .     (no cloak)
SustAb . .       Spirit   .     (no gloves)
rMut   .         Warding  .     (no boots)
Saprov + . .     Stasis   .     (no amulet)
MR     .....                    (no ring)
                                (no ring)

@: drained, not resistant to hostile enchantments, extremely unstealthy
A: antennae 1, saprovore 1
a: no special abilities


You were on level 5 of the Dungeon.
You were not hungry.

You visited 1 branch of the dungeon, and saw 5 of its levels.

You collected 354 gold pieces.

Inventory:

Hand weapons
 a - a +0,+0 war axe (weapon)
 i - a +0,+2 hand axe of flaming
Missiles
 n - 21 stones (quivered)
Armour
 c - a +0 shield (worn)
 p - a +1 chain mail (worn)
Magical devices
 m - a wand of random effects (8) {unknown}
Comestibles
 d - 3 meat rations
 f - 2 bread rations
 g - 2 chunks of hobgoblin flesh
 t - a choko
 u - a sausage
Scrolls
 b - 2 scrolls of remove curse
 k - a scroll of teleportation
 q - a scroll of blinking
 r - a scroll of random uselessness
 s - a scroll of recharging
Jewellery
 h - a +6 ring of strength {unknown}
 j - an uncursed ring of ice {unknown}
 l - an uncursed ring of invisibility {unknown}
 o - an uncursed ring of flight {unknown}
Potions
 e - a potion of magic


   Skills:
 * Level 5.9(5.6) Fighting
 * Level 7.3(7.0) Axes
 * Level 6.5(6.2) Armour
 - Level 0.1(0.0) Dodging
 - Level 3.5(3.2) Shields


You had 6 spell levels left.
You didn't know any spells.

Dungeon Overview and Level Annotations

Branches:
Dungeon (5/15)
 Temple: D:4-7

Altars:
Dithmenos
Trog

Shops:
D:5 [

Annotations:
D:4 Heini's ghost, average HOFi
D:5 Prince Ribbit


Innate Abilities, Weirdness & Mutations

You can tolerate rotten meat.
You have a pair of small antennae on your head.


Message History

Prince Ribbit is heavily wounded.
Prince Ribbit hits you! You block Prince Ribbit's attack.
You hit Prince Ribbit but do no damage.
Prince Ribbit is heavily wounded.
Prince Ribbit blinks!
Prince Ribbit barely misses you.
Prince Ribbit momentarily phases out as your attack passes through him.
Prince Ribbit is heavily wounded.
Prince Ribbit hits you! x2
* * * LOW HITPOINT WARNING * * *
You are too injured to fight recklessly!
You are too injured to fight recklessly!
Prince Ribbit hits you but does no damage.
Prince Ribbit blinks!
Prince Ribbit blinks!
You see here a scroll of random uselessness.
Prince Ribbit hits you!
* * * LOW HITPOINT WARNING * * *
Prince Ribbit hits you!
You die...

............########.(.........##
....................(............
....................(............
................∩................
.................(............
..................(............
................................
.................................
................@................
................F................
................................
..............?...............
............########.........
............# #........
............# #.......
............# #.... ............#


You could see Prince Ribbit.

Vanquished Creatures
  2 phantoms
  A sky beast (D:5)
  The ghost of vatarom the Gusty, an average DEAE (D:3)
  A big kobold (D:3)
  An orc priest (D:5)
  An orc wizard (D:5)
  A worker ant (D:4)
  6 adders
  12 gnolls (D:3)
  4 worms
  2 giant geckos
  2 oozes
  5 orcs
  A ball python (D:2)
  7 bats
  A bat skeleton (D:4)
  4 giant cockroaches
  35 goblins
  32 hobgoblins
  7 kobolds
  A quokka (D:3)
  7 giant newts
  4 jackals (D:1)
  A kobold zombie (D:3)
  12 rats
151 creatures vanquished.

Notes
Turn   | Place    | Note
--------------------------------------------------------------
     0 | D:1      | Heini, the Hill Orc Fighter, began the quest for the Orb.
     0 | D:1      | Reached XP level 1. HP: 19/19 MP: 1/1
    48 | D:1      | Reached XP level 2. HP: 2/27 MP: 2/2
   208 | D:1      | Reached skill level 4 in Fighting
   419 | D:1      | Reached XP level 3. HP: 14/33 MP: 3/3
  1107 | D:2      | Found a shadowy altar of Dithmenos.
  1184 | D:2      | Reached XP level 4. HP: 33/41 MP: 4/4
  1983 | D:3      | Noticed vatarom's ghost (average DEAE)
  2020 | D:3      | Killed vatarom's ghost
  2020 | D:3      | Reached XP level 5. HP: 11/47 MP: 5/5
  2463 | D:3      | Reached skill level 5 in Fighting
  2688 | D:3      | Reached XP level 6. HP: 37/56 MP: 6/6
  2690 | D:3      | Reached skill level 5 in Axes
  2699 | D:3      | Reached skill level 5 in Armour
  3027 | D:3      | Noticed a big kobold
  3040 | D:3      | Killed a big kobold
  3285 | D:3      | Reached skill level 6 in Axes
  3660 | D:4      | Reached XP level 7. HP: 56/61 MP: 7/7
  3700 | D:4      | Noticed Heini's ghost (average HOFi)
  3873 | D:4      | Noticed a moth of wrath
  3876 | D:4      | Found a bloodstained altar of Trog.
  4207 | D:5      | Entered Level 5 of the Dungeon
  4231 | D:5      | Gained mutation: You have a pair of small antennae on your head. [potion of beneficial mutation]
  4231 | D:5      | HP: 1/61 [orc priest/divine providence (13)]
  4691 | D:5      | Reached skill level 7 in Axes
  4820 | D:5      | Found Kuim's Antique Armour Emporium.
  4978 | D:5      | Noticed Prince Ribbit
  5001 | D:5      | Mangled by Prince Ribbit

Action                   |  1- 3 |  4- 6 |  7- 9 || total
-------------------------+-------+-------+-------++-------
Melee: War axe           |   115 |   247 |   146 ||   508
  Use: Scroll            |     2 |     7 |     2 ||    11
       Potion            |       |     1 |     1 ||     2
